 Dungeon Crawl Stone Soup version 0.32-a0-576-g706899e69d (webtiles) character file.

Game seed: 16364619800788885935

21 javelincjr the Grasshopper (level 2, 0/22 HPs)
             Began as a Demonspawn Warper on Mar 1, 2024.
             Slain by a ribbon worm (5 damage)
             ... on level 2 of the Dungeon.
             The game lasted 00:03:41 (989 turns).

javelincjr the Grasshopper (Demonspawn Warper)       Turns: 989, Time: 00:03:41

Health: 0/22       AC:  4    Str: 11    XL:     2   Next: 62%
Magic:  5/5        EV: 11    Int: 13    God:
Gold:   63         SH:  0    Dex: 12    Spells: 5/5 levels left

rFire   . . .        a - +0 spear
rCold   . . .        (no shield)
rNeg    . . .        b - +0 leather armour
rPois   .            (no helmet)
rElec   .            (no cloak)
rCorr   .            (no gloves)
SInv    .            p - +0 pair of boots
Will    .....        (no amulet)
Stlth   +            (no ring)
HPRegen 0.23/turn    (no ring)
MPRegen 0.09/turn

%: no passive effects
@: no status effects
A: claws 1
a: no special abilities


You were on level 2 of the Dungeon.
You visited 1 branch of the dungeon, and saw 2 of its levels.

You collected 63 gold pieces.

Inventory:

Hand Weapons
 a - a +0 spear (weapon)
Missiles
 d - 7 darts of dispersal (quivered)
 j - 13 stones
Armour
 b - a +0 leather armour (worn)
 n - a +0 pair of gloves
 p - a +0 pair of boots (worn)
Talismans
 e - a talisman of death
Scrolls
 c - a scroll of blinking
 f - a scroll of vulnerability {unknown}
 g - 2 scrolls of brand weapon {unknown}
 h - 2 scrolls of enchant weapon {unknown}
 o - a scroll of fog {unknown}
Potions
 i - a potion of enlightenment {unknown}
 k - a potion of resistance {unknown}
 l - a potion of heal wounds {unknown}
 m - a potion of curing {unknown}


   Skills:
 + Level 2.3 Fighting
 + Level 2.0 Polearms
 - Level 0.8 Throwing
 + Level 1.1 Armour
 + Level 2.0 Dodging
 + Level 2.1 Spellcasting
 + Level 2.7 Translocations
 + Level 0.3 Shapeshifting


You had 5 spell levels left.
You didn't know any spells.
Your spell library contained the following spells:

 Spells                   Type           Power      Damage    Failure   Level
 Blink                    Tloc           16%        N/A       16%         2
 Lesser Beckoning         Tloc           16%        N/A       16%         2
 Teleport Other           Tloc           8%         N/A       32%         3
 Volatile Blastmotes      Fire/Tloc      10%        2d10      50%         3
 Manifold Assault         Tloc           8%         N/A       71%         4
 Iskenderun's Mystic Bla  Conj/Tloc      5%         2d3       88%         4
 Vhi's Electric Charge    Tloc/Air       10%        N/A       88%         4
 Fulminant Prism          Conj/Alch      0%         3d5       97%         4


Dungeon Overview and Level Annotations

Branches:
Dungeon (2/15)

Altars:


Innate Abilities, Weirdness & Mutations

You have sharp fingernails.


Message History

You are caught in a web!
You are caught in a web!
The web tears apart.
You reach to attack!
You hit the ribbon worm but do no damage.
You hit the ribbon worm.
The ribbon worm is lightly wounded.
An endoplasm comes into view.
The endoplasm quivers.
You hit the ribbon worm.
The ribbon worm is moderately wounded.
The ribbon worm barely misses you.
You barely miss the ribbon worm.
The ribbon worm is moderately wounded.
The ribbon worm bites you.
You completely miss the ribbon worm.
The ribbon worm is moderately wounded.
The ribbon worm expels a string of sticky webbing.
The stream of webbing hits you but does no damage.
You are caught in a web!
You are caught in a web!
The web tears apart.
The ribbon worm bites you.
You hit the ribbon worm.
The ribbon worm is heavily wounded.
The giant cockroach completely misses you.
You hit the ribbon worm.
The ribbon worm is heavily wounded.
The ribbon worm completely misses you. The giant cockroach closely misses you.
You hit the ribbon worm.
The ribbon worm is heavily wounded.
The giant cockroach misses you. The ribbon worm bites you.
The endoplasm freezes you.
You are frozen.
* * * LOW HITPOINT WARNING * * *
You hit the ribbon worm.
The ribbon worm is severely wounded.
The giant cockroach bites you.
* * * LOW HITPOINT WARNING * * *
The ribbon worm bites you.
You die...

#...### #...........#..
##....# #......^....#..
##<#.#....#..........
##......###.........# .
....#†..............##..
...........#............
..#..#######............
.<##.#######.##J.B......
..#........>.###@w......
..#..#########..........
##....# #.#........
#.)##.##.. ...#........
#........# ### #.(....[.
........## #..).....
.#......# #.......[
##......# #........
#......#


You could see a ribbon worm, an endoplasm and a giant cockroach.

Vanquished Creatures
  3 ball pythons
  2 bats (D:1)
  4 endoplasms (D:1)
  2 goblins (D:1)
  A hobgoblin (D:1)
  2 kobolds
  A quokka (D:1)
  A frilled lizard (D:1)
  2 rats
18 creatures vanquished.

Notes
Turn   | Place    | Note
-------+----------+-------------------------------------------
     0 | D:1      | javelincjr the Demonspawn Warper began the quest for the
                  | Orb.
     0 | D:1      | Reached XP level 1. HP: 16/16 MP: 3/3
    74 | D:1      | Reached skill level 1 in Armour
   164 | D:1      | Discovered your monstrous ancestry.
   164 | D:1      | Gained mutation: You have sharp fingernails. [demonic
                  | ancestry]
   164 | D:1      | Reached XP level 2. HP: 22/22 MP: 5/5
   989 | D:2      | Slain by a ribbon worm

Illustrated notes

Levels and vault maps discovered:
D:1:      dpeg_arrival_round_b, layout_loops_ring, minivault_23,
          minmay_heptomino_d4
D:2:      layout_rooms, dreamdust_ecumenical_altar_hidden_monk_grotto

Skill      XL: |  1  2 |
---------------+-------+-----
Armour         | 1 |  1.1
Polearms       | 2 |  2.0
Dodging        | 2 |  2.0
Fighting       | |  2.3
Throwing       | |  0.8
Spellcasting   | |  2.1
Translocations | |  2.7
Shapeshifting  | |  0.3

Action                     || total
---------------------------++-------
  Melee: Spear             ||    61
   Stab: Sleeping          ||     2
 Armour: Leather armour    ||    24
  Dodge: Dodged            ||    22

Table legend: (Time is in decaauts)
 A = Elapsed time spent in this place.
 B = Non-inter-level travel time spent in this place.
 C = Inter-level travel time spent in this place.
 D = Time resting spent in this place.
 E = Time spent auto-exploring this place.
 F = Levels seen in this place.
 G = Mean time per level.
                   A        B        C        D        E       F      G
               +--------+--------+--------+--------+--------+-----+--------+
         Total |    989 |    942 |     47 |      0 |    790 |   2 |  494.5 |
       Dungeon |    989 |    942 |     47 |      0 |    790 |   2 |  494.5 |
               +--------+--------+--------+--------+--------+-----+--------+

Top non-repeatable levels by time:
     D:1: 920 daAuts
     D:2: 68 daAuts
